[Event "*** Titled Tuesday Blitz"]
[Site "Chess.com"]
[Date "2019.07.02"]
[Round "2"]
[White "fish7728"]
[Black "ozates"]
[Result "0-1"]
[WhiteElo "2240"]
[BlackElo "2306"]
[TimeControl "180+2"]
[EndTime "13:22:21 PDT"]
[Termination "ozates won by resignation"]

1. d4 d5 2. c4 c6 3. Nc3 Nf6 4. cxd5 cxd5 5. Bf4 Nc6 6. e3 Ne4 7. Nxe4 dxe4 8. Ne2 g5 9. Bg3 e5 10. d5 Nb4 11.
Nc3 Bd6 12. a3 Na6 13. Bb5+ Bd7 14. Bxd7+ Qxd7 15. Nxe4 Qe7 16. Qa4+ Kf8 17. O-O h5 18. Nxd6 Qxd6 19. h4 Nc5 20. Qe4 Nxe4 0-1

[Event "*** Titled Tuesday Blitz"]
[Site "Chess.com"]
[Date "2019.07.02"]
[Round "2"]
[White "3f32"]
[Black "Kawhi_Leonard2"]
[Result "1-0"]
[WhiteElo "2458"]
[BlackElo "2308"]
[TimeControl "180+2"]
[EndTime "13:22:22 PDT"]
[Termination "3f32 won by resignation"]

1. d4 Nf6 2. Nf3 e6 3. Bf4 d5 4.
e3 Bd6 5. Bg3 O-O 6. Nbd2 c5 7. c3 Nc6 8. Bb5 Be7 9. O-O Nh5 10.
Bxc6 Nxg3 11. hxg3 bxc6 12. Qa4 Qb6 13. Rfb1 Ba6 14.
Ne5 Rfc8 15. Nd7 Qb5 16. Qa3 Qe2 17. Nf3 Qb5 18. Nd2 Qd3 19. Nb3 c4 20. Qxa6 1-0

[Event "*** Titled Tuesday Blitz"]
[Site "Chess.com"]
[Date "2019.07.02"]
[Round "2"]
[White "JuliaEfremova"]
[Black "PNEPaul"]
[Result "1-0"]
[WhiteElo "1923"]
[BlackElo "1841"]
[TimeControl "180+2"]
[EndTime "13:22:23 PDT"]
[Termination "JuliaEfremova won by resignation"]

1. e4 e5 2. Nf3 Nc6 3. Bc4 Be7 4. O-O Nf6 5. Nc3 O-O 6. d4 exd4 7. Nxd4 d6 8. h3 Nxe4 9. Nxe4 d5 10. Nxc6 bxc6 11.
Bd3 dxe4 12. Bxe4 Ba6 13. Re1 Qxd1 14. Rxd1 Rad8 15. Be3 c5 16. g3 h6 17. h4 Bd6 18.
b3 Bc8 19. c4 Rfe8 20. Bc6 Rf8 21. Rd2 f5 22. Rad1 f4 23. Bxf4 Bg4 24. f3 Bh5 25. Bxd6 cxd6 26. g4 Bg6 27. Rxd6 Rxd6 28. Rxd6 Bb1 29. a3 Bc2 30. b4 cxb4 31. axb4 Bb3 32. Bd5+ Kh8 33. Kf2 Rb8 34. b5 Ba4 35.
Kg3 a6 36. Rxa6 1-0

[Event "*** Titled Tuesday Blitz"]
[Site "Chess.com"]
[Date "2019.07.02"]
[Round "2"]
[White "Nightlord1"]
[Black "TangyTacos"]
[Result "1-0"]
[WhiteElo "2127"]
[BlackElo "1828"]
[TimeControl "180+2"]
[EndTime "13:22:30 PDT"]
[Termination "Nightlord1 won by resignation"]

1. e4 c6 2. d4 d5 3. Nc3 dxe4 4. Nxe4 Nf6 5. Nxf6+ exf6 6. c3 Bd6 7. Bd3 O-O 8.
Ne2 Re8 9. Qc2 h5 10. Be3 Nd7 11. O-O-O Nf8 12. Kb1 Be6 13. c4 b5 14. d5 cxd5 15.
c5 Rc8 16. Bxb5 Nd7 17. c6 Nb6 18. Nd4 Bg4 19. Rc1 Qe7 20. Rhe1 Qe4 21. Qxe4 dxe4 22.
h3 Be6 23. Ba6 Ra8 24. Nxe6 fxe6 25. c7 Bxc7 26. Rxc7 Nd5 27. Rb7 f5 28. g3 h4 29.
Bd4 hxg3 30. Rxg7+ Kf8 31. Rxg3 e5 32. Bc5+ Kf7 33.
Bc4 1-0

[Event "*** Titled Tuesday Blitz"]
[Site "Chess.com"]
[Date "2019.07.02"]
[Round "2"]
[White "iturrizaga"]
[Black "x-3738459472"]
[Result "1-0"]
[WhiteElo "2937"]
[BlackElo "2606"]
[TimeControl "180+2"]
[EndTime "13:22:31 PDT"]
[Termination "iturrizaga won by resignation"]

1. c4 c6 2. Nf3 d5 3. e3 Nf6 4. Nc3 g6 5. d4 Bg7 6. h3 O-O 7.
Be2 a6 8. b3 Ne4 9. Bb2 Nxc3 10. Bxc3 Nd7 11. O-O Nf6 12. Rc1 Be6 13. Bd3 Qd7 14.
Ne5 Qc8 15. f4 Bf5 16. cxd5 Bxd3 17. Qxd3 Nxd5 18. Bd2 Rd8 19. Rc5 Nf6 20. f5 Qc7 21. Qc4 Nd5 22. e4 Bxe5 23. fxg6 hxg6 24. dxe5 b5 25. Qe2 Qxe5 26. Qf2 Qe6 27. exd5 Rxd5 28. Bc3 Rad8 29. Rxc6 Qf5 30. Qh4 Qh5 31. Qxe7 R5d7 32. Qxd7 1-0

[Event "*** Titled Tuesday Blitz"]
[Site "Chess.com"]
[Date "2019.07.02"]
[Round "2"]
[White "Korchmar_Vasiliy"]
[Black "Zarikovs1999"]
[Result "1-0"]
[WhiteElo "2760"]
[BlackElo "2551"]
[TimeControl "180+2"]
[EndTime "13:22:31 PDT"]
[Termination "Korchmar_Vasiliy won by resignation"]

1. d4 Nf6 2. c4 c5 3. d5 b5 4. cxb5 a6 5. bxa6 g6 6. Nc3 Bg7 7. e4 O-O 8. Nf3 Qa5 9. Bd2 Bxa6 10. Be2 Bxe2 11. Qxe2 Qa6 12. a4 e5 13. Nb5 Nxe4 14.
O-O Nxd2 15. Nxd2 d6 16. Nc4 Rd8 17. Nc7 Qb7 18. Nxa8 Qxa8 19. Rfd1 Qa6 20. Qc2 Nd7 21. a5 Rb8 22. Qa4 Rb7 23. Qc6 Qa8 24. Nxd6 Ra7 25. Qxa8+ Rxa8 26. a6 e4 27. Nc4 Bd4 28. a7 f5 29. Ra6 Kf7 30. b4 1-0

[Event "*** Titled Tuesday Blitz"]
[Site "Chess.com"]
[Date "2019.07.02"]
[Round "2"]
[White "Er_is_geen_hoop_meer"]
[Black "sebsep"]
[Result "1-0"]
[WhiteElo "2313"]
[BlackElo "2141"]
[TimeControl "180+2"]
[EndTime "13:22:31 PDT"]
[Termination "Er_is_geen_hoop_meer won by resignation"]

1. c4 c5 2. g3 g6 3. Bg2 Bg7 4. Nc3 Nc6 5. e4 e6 6. Nge2 Nge7 7. O-O d6 8. d3 O-O 9. Be3 Nd4 10. Qd2 Nec6 11. f4 a6 12. g4 f5 13. exf5 gxf5 14. g5 Rb8 15. a4 Qa5 16. Rad1 Nxe2+ 17. Qxe2 Nd4 18. Qh5 b5 19. axb5 axb5 20. cxb5 Nxb5 21. Nd5 exd5 22. Bxd5+ Kh8 23. Rf3 Qa7 24. Rh3 Bd4 25. Bxd4+ Nxd4 26. g6 Rb7 27. Bxb7 Qxb7 28. Qh6 Qg7 29.
Qxh7+ Qxh7 30. Rxh7+ Kg8 31. Ra1 Rf6 32. Rc7 Rxg6+ 33.
Kf2 Rf6 34. Ra8 Rf8 35. Rcxc8 Rxc8 36. Rxc8+ Kf7 37. Rd8 Ke6 38. h4 Nc6 39. Rc8 Ne7 40. Rh8 Nd5 41. Kf3 Nf6 42. h5 Ng4 43. Rg8 Nf6 44. Rg5 d5 45. h6 c4 46. dxc4 dxc4 47. Ke3 Kf7 48. Rxf5 Kg6 49. Rxf6+ Kxf6 50. f5 1-0

[Event "*** Titled Tuesday Blitz"]
[Site "Chess.com"]
[Date "2019.07.02"]
[Round "2"]
[White "DrVitman"]
[Black "NeverEverForever1990"]
[Result "1-0"]
[WhiteElo "2698"]
[BlackElo "2449"]
[TimeControl "180+2"]
[EndTime "13:22:31 PDT"]
[Termination "DrVitman won by resignation"]

1. e4 c5 2. Nc3 d6 3. d4 cxd4 4. Qxd4 Nc6 5. Qd2 g6 6. b3 Bh6 7. f4 Nf6 8. Bb2 O-O 9. Nge2 a5 10. g3 a4 11. Bg2 a3 12. Bc1 Bg7 13. Rb1 Bg4 14. h3 Bxe2 15. Nxe2 Qb6 16. c3 e5 17. f5 gxf5 18. exf5 d5 19. g4 e4 20. g5 Ne5 21. Nf4 Nd3+ 22. Nxd3 exd3 23. gxf6 Rae8+ 24. Kd1 Re2 25. Qg5 Qxf6 26. Qxf6 Bxf6 27. Bxd5 Rfe8 28. Bd2 Rf2 29. Rg1+ Kh8 30. Bxf7 Rf8 31. Bc4 Be5 32.
Bxd3 1-0

[Event "*** Titled Tuesday Blitz"]
[Site "Chess.com"]
[Date "2019.07.02"]
[Round "2"]
[White "OglazaOskar2005"]
[Black "deBaller"]
[Result "1-0"]
[WhiteElo "2250"]
[BlackElo "2383"]
[TimeControl "180+2"]
[EndTime "13:22:32 PDT"]
[Termination "OglazaOskar2005 won by resignation"]

1. e4 e6 2. d4 d5 3. Nc3 Nf6 4. e5 Nfd7 5. f4 c5 6. Nf3 Nc6 7. Be3 cxd4 8. Nxd4 Bc5 9. Qd2 a6 10. O-O-O O-O 11. g4 Nxd4 12. Bxd4 b5 13. Ne2 a5 14. Bg2 b4 15. Rhe1 Ba6 16. Bxc5 Nxc5 17. Nd4 Qb6 18. f5 Rfc8 19. f6 Qd8 20. Qg5 g6 21. Re3 Qf8 22. Rh3 a4 23. b3 axb3 24. axb3 Ne4 25. Bxe4 dxe4 26. Nxe6 fxe6 27. Rxh7 Rxc2+ 28. Kb1 Bd3 29. Qxg6+ 1-0

[Event "*** Titled Tuesday Blitz"]
[Site "Chess.com"]
[Date "2019.07.02"]
[Round "2"]
[White "Everyfishknows"]
[Black "1d4_1-0"]
[Result "1-0"]
[WhiteElo "2280"]
[BlackElo "2184"]
[TimeControl "180+2"]
[EndTime "13:22:32 PDT"]
[Termination "Everyfishknows won by resignation"]

1. d4 e6 2. c4 Nf6 3. Nc3 Bb4 4. e3 O-O 5. Bd3 d5 6. Ne2 c5 7. O-O b6 8. a3 Bxc3 9. bxc3 Nc6 10. cxd5 exd5 11.
Ng3 Re8 12. Re1 Bd7 13. f3 cxd4 14. cxd4 Rc8 15. Bb1 Na5 16. e4 dxe4 17. fxe4 Bg4 18. Qd3 Rxc1 19. Rxc1 Nb3 20. Bc2 Nxa1 21. Rxa1 Qe7 22.
e5 g6 23. exf6 Qxf6 24. Rf1 Qd6 25. Bb3 Re7 26. Ne4 Qc6 27. Nf6+ 1-0

[Event "*** Titled Tuesday Blitz"]
[Site "Chess.com"]
[Date "2019.07.02"]
[Round "2"]
[White "Sanan_Sjugirov"]
[Black "Gr3egor"]
[Result "1-0"]
[WhiteElo "2953"]
[BlackElo "2613"]
[TimeControl "180+2"]
[EndTime "13:22:36 PDT"]
[Termination "Sanan_Sjugirov won by resignation"]

1. d4 Nf6 2. c4 e6 3. Nf3 d5 4. Nc3 Bb4 5. Bg5 h6 6. Bxf6 Qxf6 7. Qa4+ Nc6 8. e3 O-O 9. Rc1 Qg6 10. Qc2 Qxc2 11. Rxc2 Bd7 12. a3 Bxc3+ 13. Rxc3 Rfe8 14. cxd5 exd5 15. Kd2 a6 16. Be2 Bf5 17. Rhc1 Re7 18. Rc5 Be4 19. Ne1 Rd8 20. Bxa6 Nxd4 21. exd4 bxa6 22.
Rxc7 Re6 23. Rc8 Rxc8 24. Rxc8+ Kh7 25. f3 Bf5 26. Rc5 Rd6 27. b4 Bd7 28. Nc2 Kg6 29. Ne3 Bc6 30. Nd1 h5 31. Nc3 h4 32.
a4 Kf6 33. b5 axb5 34. axb5 Bb7 35. Rc7 Rb6 36. Kc2 Ba8 37. Kb3 Re6 38. Ra7 Re8 39.
Kb4 1-0

[Event "*** Titled Tuesday Blitz"]
[Site "Chess.com"]
[Date "2019.07.02"]
[Round "2"]
[White "oskariot"]
[Black "David_Paravyan"]
[Result "0-1"]
[WhiteElo "2600"]
[BlackElo "2866"]
[TimeControl "180+2"]
[EndTime "13:22:42 PDT"]
[Termination "David_Paravyan won by resignation"]

1. Nf3 d5 2. c4 e6 3. g3 Nf6 4. b3 d4 5. Bg2 Nc6 6. O-O e5 7. d3 a5 8. e3 Bc5 9. Ba3 Qd6 10.
Bxc5 Qxc5 11. exd4 Nxd4 12. Nxe5 O-O 13. Nf3 Bg4 14. Nbd2 Qh5 15. Re1 Rfe8 16. Re3 Rad8 17. Rc1 Qc5 18. Qe1 Nxf3+ 19. Bxf3 Bxf3 20. Nxf3 Rxe3 21. Qxe3 Qxe3 22. fxe3 Rxd3 23. Re1 Ng4 24. h3 Nf6 25. Kf2 Ne4+ 26. Ke2 Rd6 27. g4 b6 28. Rc1 Kf8 29. Nd4 Rf6 30. Nf3 Rd6 31. Nd4 Rh6 32.
Nb5 c6 33. Nd4 c5 34. Nf5 Rxh3 35. Rd1 Nc3+ 0-1

[Event "*** Titled Tuesday Blitz"]
[Site "Chess.com"]
[Date "2019.07.02"]
[Round "2"]
[White "PIwan"]
[Black "Gattass"]
[Result "1-0"]
[WhiteElo "2453"]
[BlackElo "2302"]
[TimeControl "180+2"]
[EndTime "13:22:45 PDT"]
[Termination "PIwan won by resignation"]

1. c4 Nf6 2. Nc3 e6 3. e4 d5 4.
e5 Nfd7 5. d4 dxc4 6. Nf3 Nb6 7.
Bg5 Be7 8. Qd2 Nc6 9. O-O-O Nb4 10. Kb1 Bd7 11. a3 N4d5 12. Ne4 Bxg5 13. Nfxg5 Qe7 14. Be2 h6 15. Nf3 O-O-O 16. Rc1 Bb5 17. Qa5 a6 18.
Nc5 Nf4 19. Bf1 Bc6 20. Bxc4 Bxf3 21. gxf3 Rxd4 22. Bxa6 bxa6 23. Qxa6+ Kd8 24. Rhd1 Rxd1 25. Rxd1+ Nfd5 26. Qb5 Qe8 27. Nb7+ Kc8 28. Qa6 Kb8 29. Na5 1-0

[Event "*** Titled Tuesday Blitz"]
[Site "Chess.com"]
[Date "2019.07.02"]
[Round "2"]
[White "konradrutkowski"]
[Black "Colombiano07"]
[Result "0-1"]
[WhiteElo "2237"]
[BlackElo "2160"]
[TimeControl "180+2"]
[EndTime "13:22:46 PDT"]
[Termination "Colombiano07 won by resignation"]

1. e4 c5 2. Nf3 Nc6 3. Bb5 d6 4. O-O Bd7 5. Re1 e5 6. c3 Nf6 7. Na3 Be7 8. Nc2 O-O 9. d4 cxd4 10. cxd4 a6 11. Bf1 Rc8 12. h3 b5 13. Bd2 Re8 14.
Rc1 Bf8 15. d5 Ne7 16. Bb4 Ng6 17. Qd2 Qb6 18. Ba5 Qa7 19. Nb4 Rxc1 20. Qxc1 Nf4 21. Nd2 Rc8 22. Qd1 Qd4 23. b3 Be7 24. Re3 Bd8 25.
Bxd8 Rxd8 26. Nc6 Bxc6 27. dxc6 Rc8 28. g3 Ne6 29. Rd3 Qc5 30. Bg2 Rxc6 31. Nf1 Nd4 32.
Ne3 Qc1 33. Kh2 Qxd1 34. Rxd1 a5 35. f4 a4 36. f5 axb3 37. axb3 Nxb3 38. g4 h6 39. h4 Rc3 40. g5 Rxe3 41. gxf6 Nd4 42. fxg7 Kxg7 43. Ra1 b4 44. Ra6 Rd3 45. f6+ Kxf6 46.
Rxd6+ Ke7 47. Rxh6 Ne6 48. Rh8 Rd8 49. Rh5 Rb8 50.
Rxe5 b3 51. Bf1 b2 52. Bd3 b1=Q 53. Bxb1 Rxb1 54. Kg3 Kf6 55. Rf5+ Kg6 56. h5+ Kg7 57. h6+ Kg6 58. h7 Rh1 0-1

[Event "*** Titled Tuesday Blitz"]
[Site "Chess.com"]
[Date "2019.07.02"]
[Round "2"]
[White "maximnovik"]
[Black "IveBeenThroughPain"]
[Result "1-0"]
[WhiteElo "2452"]
[BlackElo "2296"]
[TimeControl "180+2"]
[EndTime "13:22:48 PDT"]
[Termination "maximnovik won by resignation"]

1. d4 d5 2. Bf4 Nf6 3. e3 c5 4.
c3 Nc6 5. Nd2 cxd4 6. exd4 Bf5 7. Qb3 Qc8 8. Ngf3 e6 9. Nh4 Be4 10. f3 Bg6 11. Nxg6 hxg6 12. Bd3 Be7 13. Qc2 Qd7 14.
O-O-O Rc8 15. Nb3 Nb4 16. Qb1 Qa4 17. Kd2 Nxa2 18. Bc2 Qa6 19. Qa1 g5 20. Be3 Nb4 21.
cxb4 Bxb4+ 22. Kc1 Qc4 23. Nc5 b6 24. Qa4+ Kf8 25.
b3 Qc3 26. Bd2 Qxd4 27. Bxb4 Qf4+ 28. Bd2 Qxa4 29. Nxa4 b5 30. Bb4+ Kg8 31. Nc3 a6 32. Kb2 g6 33. Ne2 Kg7 34. Bc3 Rc7 35. Be5 Rc6 36. Bd3 Rhc8 37. Rc1 1-0

[Event "*** Titled Tuesday Blitz"]
[Site "Chess.com"]
[Date "2019.07.02"]
[Round "2"]
[White "KestutisLabeckas"]
[Black "wadsy27"]
[Result "0-1"]
[WhiteElo "2387"]
[BlackElo "2438"]
[TimeControl "180+2"]
[EndTime "13:22:48 PDT"]
[Termination "wadsy27 won by resignation"]

1. d4 Nf6 2. Bg5 c5 3. Bxf6 gxf6 4. e3 Qb6 5. Nc3 d6 6. Qd2 Be6 7. Bb5+ Nd7 8. d5 Bf5 9. e4 a6 10. Ba4 Bg6 11. Bxd7+ Kxd7 12. Nge2 h5 13. O-O Bh6 14. f4 f5 15. Na4 Qc7 16. e5 b5 17. e6+ fxe6 18.
dxe6+ Kxe6 19. Nac3 Qc6 20. Rfe1 Kf7 21. Nd5 e6 22.
Ne3 h4 23. c4 h3 24. Rad1 Rad8 25. b3 hxg2 26. Nxg2 Bg7 27. Ng3 Bd4+ 28. Kh1 Rxh2+ 29. Kxh2 Rh8+ 30. Nh5 Qf3 0-1

[Event "*** Titled Tuesday Blitz"]
[Site "Chess.com"]
[Date "2019.07.02"]
[Round "2"]
[White "nitpicker"]
[Black "xdb"]
[Result "1-0"]
[WhiteElo "2238"]
[BlackElo "2218"]
[TimeControl "180+2"]
[EndTime "13:22:49 PDT"]
[Termination "nitpicker won by resignation"]

1. e4 e5 2. Nf3 Nc6 3. Bc4 Bc5 4. d3 d6 5. c3 Nf6 6. h3 a6 7. a4 Qe7 8. O-O Be6 9. Nbd2 O-O 10. Re1 Rad8 11. a5 Kh8 12. Qb3 Bc8 13. Nf1 Nh5 14. Be3 Bxe3 15. Nxe3 Nf4 16. Nd5 Qd7 17.
Nxf4 exf4 18. d4 Ne7 19. e5 d5 20. Bd3 Qc6 21. Qc2 Qh6 22. b4 c6 23. Qd2 Ng6 24. Re2 Bxh3 25. gxh3 Qxh3 26. Ne1 f3 27. Re3 Nh4 28. Bf1 Qg4+ 29. Kh1 Rde8 30. Qd1 Re6 31.
Nxf3 Nxf3 32. Qxf3 Rh6+ 33. Bh3 Qh4 34. e6 f5 35. e7 Re8 36. Qxf5 Rf6 37. Qd7 1-0

[Event "*** Titled Tuesday Blitz"]
[Site "Chess.com"]
[Date "2019.07.02"]
[Round "2"]
[White "SavelievAlexei"]
[Black "Paralinch"]
[Result "0-1"]
[WhiteElo "2370"]
[BlackElo "2815"]
[TimeControl "180+2"]
[EndTime "13:22:51 PDT"]
[Termination "Paralinch won by checkmate"]

1. e4 c6 2. d4 d5 3. exd5 cxd5 4. Bd3 Nc6 5. c3 Qc7 6. Ne2 Bg4 7. O-O e6 8. Qe1 Nf6 9. h3 Bxe2 10. Qxe2 Bd6 11.
Bg5 Bf4 12. Bxf4 Qxf4 13. Nd2 O-O 14. Rae1 g6 15. Nf3 Nd7 16. g3 Qh6 17. h4 Rae8 18. Kg2 Qg7 19. Bb5 Ndb8 20. Ne5 Rc8 21. f4 a6 22. Bd3 h5 23. g4 hxg4 24. Qxg4 Ne7 25. Kf3 Nbc6 26. Rg1 Nxe5+ 27. fxe5 f5 28. Qg5 Kf7 29.
Rg2 Rh8 30. Reg1 Rh6 31. Be2 Rch8 32. Rh1 Rh5 33. Qg3 g5 34. Kf2 g4 35. c4 Qh6 36.
Qd3 Rxh4 37. Rf1 Rh3 38. Rg3 Qf4+ 39. Kg2 Rh2+ 40. Kg1 Rh1+ 41. Kg2 R8h2# 0-1

[Event "*** Titled Tuesday Blitz"]
[Site "Chess.com"]
[Date "2019.07.02"]
[Round "2"]
[White "Saitama_Hero"]
[Black "vjbaker"]
[Result "1/2-1/2"]
[WhiteElo "2245"]
[BlackElo "2210"]
[TimeControl "180+2"]
[EndTime "13:22:51 PDT"]
[Termination "Game drawn by repetition"]

1. d4 Nf6 2. Bg5 Ne4 3. Bf4 d5 4. e3 Bf5 5. Bd3 e6 6. Ne2 c5 7. f3 Nf6 8. Bxf5 exf5 9. Qd3 Nbd7 10. Qxf5 Qb6 11. Nbc3 Be7 12. O-O O-O 13. Nxd5 Nxd5 14. Qxd5 Nf6 15. Qb3 Qa6 16. c4 cxd4 17. exd4 Rfe8 18.
Nc3 Rad8 19. Nb5 Nh5 20. Be3 Qg6 21. Rfe1 Bh4 22. Bf2 Nf4 23. g3 Nh3+ 24. Kg2 Nf4+ 25. Kf1 Qf5 26. gxf4 Qh3+ 27. Kg1 Bxf2+ 28. Kxf2 Qxh2+ 29. Kf1 Qh1+ 30. Kf2 Qh2+ 31. Kf1 Qh1+ 32. Kf2 Qh2+ 1/2-1/2

[Event "*** Titled Tuesday Blitz"]
[Site "Chess.com"]
[Date "2019.07.02"]
[Round "2"]
[White "GelmanAlexander"]
[Black "AryanTari"]
[Result "0-1"]
[WhiteElo "2579"]
[BlackElo "2827"]
[TimeControl "180+2"]
[EndTime "13:22:57 PDT"]
[Termination "AryanTari won by resignation"]

1. d4 Nf6 2. Nc3 d5 3. Bf4 a6 4.
e3 e6 5. g4 c5 6. g5 Nfd7 7. h4 Nc6 8. Nf3 b5 9. a3 Bb7 10. h5 Nb6 11. Bh3 cxd4 12. exd4 Bd6 13. Bxd6 Qxd6 14. Qe2 O-O 15. g6 fxg6 16. hxg6 h6 17.
Qxe6+ Qxe6+ 18. Bxe6+ Kh8 19. Ng5 Nxd4 20. Nf7+ Rxf7 21.
gxf7 Nxe6 22. O-O-O Rf8 23. Rhe1 Ng5 24. Re8 Nd7 25.
Nxd5 Nxf7 26. Re7 Bxd5 27. Rxd5 Nf6 28. Rc5 h5 29. Ra7 h4 30. Rxa6 h3 31. Rc3 Ng5 32. f4 Nfe4 33. Re3 Rxf4 0-1

[Event "*** Titled Tuesday Blitz"]
[Site "Chess.com"]
[Date "2019.07.02"]
[Round "2"]
[White "JozefKneht"]
[Black "TaykaGM"]
[Result "0-1"]
[WhiteElo "2344"]
[BlackElo "2622"]
[TimeControl "180+2"]
[EndTime "13:22:58 PDT"]
[Termination "TaykaGM won by resignation"]

1. e4 e5 2. Nf3 Nc6 3. Bb5 a6 4. Ba4 b5 5. Bb3 Na5 6. O-O d6 7. Nc3 Bb7 8. d3 Nf6 9. Ne2 g6 10. Bd2 Nxb3 11. axb3 Bg7 12. Ba5 O-O 13. c4 Qd7 14. Nc3 c5 15. cxb5 axb5 16. b4 Rfc8 17. bxc5 dxc5 18. Nxe5 Qe8 19. f4 b4 20. Ne2 Nd7 21.
Nc4 Qe7 22. e5 Ra6 23. d4 cxd4 24. Nd6 Rxd6 25. exd6 Qe3+ 26. Rf2 d3 27. Ng3 Bxb2 28.
Nf1 Qc5 29. Bc7 Bd4 30. Ra2 Nf6 31. Qxd3 Ne4 32. d7 Bxf2+ 33. Kh1 Qxc7 34. dxc8=Q+ Qxc8 35. Rc2 Bc5 36. Nd2 Nf2+ 0-1

[Event "*** Titled Tuesday Blitz"]
[Site "Chess.com"]
[Date "2019.07.02"]
[Round "2"]
[White "johnathan113"]
[Black "Aknok"]
[Result "1-0"]
[WhiteElo "2683"]
[BlackElo "2371"]
[TimeControl "180+2"]
[EndTime "13:22:58 PDT"]
[Termination "johnathan113 won by checkmate"]

1. e4 e6 2. d4 d5 3. Nc3 Bb4 4. e5 Qd7 5. Qg4 f5 6. Qg3 b6 7. Nf3 Ba6 8. Bd3 c5 9. a3 Bxc3+ 10. bxc3 Bxd3 11. cxd3 Nc6 12. O-O cxd4 13. Nxd4 Nxd4 14. cxd4 Kf7 15. a4 Ne7 16. Qh4 Ng6 17. Qh5 Rac8 18.
a5 b5 19. Ba3 Rc2 20. Rac1 Rhc8 21. Rxc2 Rxc2 22. Qxh7 Qd8 23. a6 Qg5 24. g3 Qg4 25.
Bc5 Ra2 26. Bxa7 b4 27. Rc1 Qf3 28. Rc7+ Ne7 29. Rxe7+ Kxe7 30. Qxg7+ Ke8 31. Qg8+ Ke7 32. Bc5+ Kd7 33. Qf7+ Kc6 34. Qxe6+ Kb5 35. Qb6+ Ka4 36. Qxb4# 1-0

[Event "*** Titled Tuesday Blitz"]
[Site "Chess.com"]
[Date "2019.07.02"]
[Round "2"]
[White "akgod"]
[Black "novocane"]
[Result "1-0"]
[WhiteElo "2214"]
[BlackElo "2247"]
[TimeControl "180+2"]
[EndTime "13:22:58 PDT"]
[Termination "akgod won by resignation"]

1. d4 Nf6 2. c4 e6 3. Nf3 b6 4.
g3 Ba6 5. b3 Bb4+ 6. Bd2 Be7 7.
Bg2 Bb7 8. O-O O-O 9. Bc3 c5 10.
d5 exd5 11. Nh4 Ne4 12. Nf5 d4 13. Bb2 Bc6 14. e3 g6 15. Nxe7+ Qxe7 16. exd4 f5 17.
d5 Bb7 18. Re1 Qf7 19. Nd2 Nf6 20. Nf3 d6 21. Ng5 Qd7 22. Ne6 Rf7 23. Qd2 Na6 24. Qg5 Ng4 25. Qd2 Re8 26. h3 Ne5 27. f4 Nc6 28.
dxc6 1-0

[Event "*** Titled Tuesday Blitz"]
[Site "Chess.com"]
[Date "2019.07.02"]
[Round "2"]
[White "Angry_Twin"]
[Black "Bryakin_Mikhail"]
[Result "1-0"]
[WhiteElo "2807"]
[BlackElo "2670"]
[TimeControl "180+2"]
[EndTime "13:23:01 PDT"]
[Termination "Angry_Twin won by resignation"]

1. d4 d5 2. c4 c6 3. Nf3 Nf6 4. g3 Bf5 5. Bg2 e6 6. Qb3 Qb6 7. Nc3 Nbd7 8. O-O h6 9. c5 Qc7 10. Bf4 Qc8 11. Qa4 Be7 12. b4 a6 13. Qb3 O-O 14. a4 Ne4 15. b5 axb5 16. axb5 Nxc3 17. Qxc3 Be4 18. b6 Bxf3 19. Bxf3 e5 20. Bxe5 Nxe5 21. dxe5 Qf5 22. Ra7 Rab8 23. Re1 Qd7 24. Qd4 Rfd8 25. Bg4 Qe8 26. e6 fxe6 27. Bxe6+ Kh8 28. Bf5 Bf6 29.
Qd3 Qe7 30. Rc1 d4 31. Be4 Qe5 32. Bf3 Be7 33. h4 Bf6 34. Qe4 Re8 35. Qg6 Kg8 36. Rxb7 Rxb7 37. Bxc6 Rbe7 38. Bxe8 Rxe8 39. c6 Qxe2 40. c7 Qe6 41. b7 d3 42. c8=Q 1-0

[Event "*** Titled Tuesday Blitz"]
[Site "Chess.com"]
[Date "2019.07.02"]
[Round "2"]
[White "monalize"]
[Black "josiwales"]
[Result "1/2-1/2"]
[WhiteElo "2329"]
[BlackElo "2462"]
[TimeControl "180+2"]
[EndTime "13:23:04 PDT"]
[Termination "Game drawn by agreement"]

1. e4 c5 2. Nf3 Nc6 3. d4 cxd4 4. Nxd4 g6 5. Nc3 Bg7 6. Be3 Nf6 7. Bc4 O-O 8. Bb3 Re8 9. O-O d6 10. h3 Na5 11.
Qd2 Nxb3 12. axb3 b6 13. Bh6 Bb7 14. Bxg7 Kxg7 15. Rfe1 Qd7 16. Rad1 a6 17. Qg5 h6 18.
Qg3 Kh7 19. e5 dxe5 20. Qxe5 Rad8 21. Rd3 b5 22. b4 Nd5 23. Nxd5 Qxd5 24. Qxd5 Rxd5 25.
c3 e5 26. Rde3 f6 27. f4 Kg7 28. Nb3 Bc6 29. R3e2 Kf7 30. Nc5 a5 31. fxe5 Rexe5 32. Rxe5 fxe5 33. Re2 axb4 34. cxb4 Rd4 35. Rxe5 Rd2 36.
Re6 Rxg2+ 37. Kf1 Bd5 38. Rd6 Ba8 39. Ra6 Bd5 40. Rd6 Bf3 41. Rd3 Ba8 42. Rd8 Bc6 43.
Rd6 Bf3 44. Rd3 Bc6 45. Rd6 1/2-1/2

[Event "*** Titled Tuesday Blitz"]
[Site "Chess.com"]
[Date "2019.07.02"]
[Round "2"]
[White "Artur0208"]
[Black "DryCounty"]
[Result "0-1"]
[WhiteElo "2752"]
[BlackElo "2699"]
[TimeControl "180+2"]
[EndTime "13:23:05 PDT"]
[Termination "DryCounty won on time"]

1. d4 Nf6 2. Nf3 g6 3. c4 Bg7 4.
Nc3 O-O 5. e4 d6 6. Be2 e5 7. O-O c6 8. Be3 exd4 9. Nxd4 Re8 10. f3 d5 11. cxd5 Nxd5 12. Nxd5 cxd5 13. Rc1 a6 14. Rc5 dxe4 15. Bc4 Nd7 16. Rd5 Qc7 17.
Qc1 Nb6 18. Rc5 Qe7 19. Bb3 exf3 20. Rxf3 Qxe3+ 21. Rxe3 Bxd4 22. Bxf7+ Kxf7 23. Rc7+ Kg8 24. Qc3 Bxe3+ 25. Kf1 Bd7 26. Rxb7 Bb5+ 27. Ke1 Bd4+ 0-1

[Event "*** Titled Tuesday Blitz"]
[Site "Chess.com"]
[Date "2019.07.02"]
[Round "2"]
[White "AndrewMcStone"]
[Black "chesstatour"]
[Result "1-0"]
[WhiteElo "2141"]
[BlackElo "2002"]
[TimeControl "180+2"]
[EndTime "13:23:06 PDT"]
[Termination "AndrewMcStone won on time"]

1. d4 Nf6 2. c4 g6 3. Nc3 Bg7 4. e4 d6 5. Nge2 O-O 6. Ng3 c5 7. d5 e6 8. Be2 exd5 9. cxd5 Re8 10. O-O Na6 11. Bg5 h6 12. Be3 Nc7 13. Qd2 Kh7 14. f3 Bd7 15. a4 Rb8 16. Rab1 b5 17. b4 cxb4 18. Nxb5 a5 19. Nxd6 Rf8 20. Nc4 Na6 21. Ne5 Bc8 22. Nc6 Qd6 23. Nxb8 Qxb8 24. Rfc1 Qa8 25.
Rc6 Bb7 26. Rc2 Rd8 27. Bc4 1-0

[Event "*** Titled Tuesday Blitz"]
[Site "Chess.com"]
[Date "2019.07.02"]
[Round "2"]
[White "Siniauski"]
[Black "KarstenHansch"]
[Result "1/2-1/2"]
[WhiteElo "2441"]
[BlackElo "2429"]
[TimeControl "180+2"]
[EndTime "13:23:07 PDT"]
[Termination "Game drawn by repetition"]

1. e4 c5 2. Nf3 d6 3. Bb5+ Bd7 4. Bxd7+ Qxd7 5. c4 Nc6 6. Nc3 g6 7. O-O Bg7 8. d3 e6 9. Be3 Nd4 10. Bxd4 cxd4 11.
Ne2 e5 12. b4 Ne7 13. Qb3 O-O 14. Rac1 Kh8 15. c5 d5 16. exd5 Nxd5 17. b5 Rfc8 18.
Rc4 a6 19. a4 axb5 20. axb5 Nc3 21. Nxc3 dxc3 22. Rxc3 e4 23. dxe4 Bxc3 24. Qxc3+ Kg8 25. Ne5 Qxb5 26. Ng4 Qxc5 27. Qf6 Qf8 28. Qh4 h5 29. Nf6+ Kg7 30. Qg5 Kh8 31. e5 Ra5 32. g4 Rcc5 33. Nd7 Qg7 34. Qd8+ Qg8 35. Qf6+ Qg7 36. Qd8+ Qg8 37.
Qf6+ Qg7 38. Qd8+ 1/2-1/2

[Event "*** Titled Tuesday Blitz"]
[Site "Chess.com"]
[Date "2019.07.02"]
[Round "2"]
[White "Jospem"]
[Black "lavr92"]
[Result "1-0"]
[WhiteElo "2884"]
[BlackElo "2618"]
[TimeControl "180+2"]
[EndTime "13:23:14 PDT"]
[Termination "Jospem won by resignation"]

1. c4 c6 2. Nf3 d5 3. g3 Nf6 4. Bg2 dxc4 5. O-O Nbd7 6. a4 e5 7. Qc2 Bd6 8. Qxc4 O-O 9. d3 a5 10. Qc2 Re8 11. Nbd2 Nd5 12. Nc4 Nb4 13. Qd1 Bc7 14. b3 f6 15. Be3 Nb6 16. Rc1 Be6 17.
Bd2 N6d5 18. Kh1 Qd7 19. Be1 Bh3 20. Rg1 Bxg2+ 21. Rxg2 Rad8 22. Rg1 e4 23. dxe4 Rxe4 24. e3 Qh3 25. Qe2 Ree8 26. Nh4 Ne7 27. Bxb4 axb4 28. Qf3 Qe6 29. Rcd1 Nd5 30. Nf5 g6 31. Nd4 Qf7 32. Ne2 Kg7 33. e4 Nb6 34. Ne3 Qxb3 35. Nf5+ 1-0